 Dungeon Crawl Stone Soup version 0.18.1-8-gdd0e5ea (webtiles) character file.

263 santipi the Ducker (level 5, -4/53 HPs)
             Began as a Troll Fighter on June 6, 2016.
             Slain by an ogre
             ... wielding a +0 giant club
              (19 damage)
             ... on level 4 of the Dungeon.
             The game lasted 00:15:05 (2742 turns).

santipi the Ducker (Troll Fighter)                  Turns: 2742, Time: 00:15:06

Health: -4/53      AC:  6    Str: 25    XL:     5   Next: 98%
Magic:  4/4        EV:  8    Int:  4    God:
Gold:   192        SH:  9    Dex:  9    Spells: 0 memorised, 4 levels left

rFire  . . .     SeeInvis .     i - +0 short sword (drain)
rCold  . . .     Gourm    +     a - +1 robe
rNeg   + . .     Faith    .     g - +0 shield
rPois  .         Spirit   .     (helmet restricted)
rElec  .         Dismiss  .     (no cloak)
rCorr  .         Reflect  .     (gloves unavailable)
SustAt .         Harm     .     (boots unavailable)
MR     +....                    (no amulet)
Stlth  +.........               l - ring of protection from magic
                                h - ring of positive energy

@: somewhat resistant to hostile enchantments, very unstealthy
A: unfitting armour, claws 3, fast metabolism 3, gourmand, regeneration 2,
shaggy fur 1, tough skin 2
a: no special abilities


You were on level 4 of the Dungeon.
You were completely stuffed.

You visited 1 branch of the dungeon, and saw 4 of its levels.

You collected 192 gold pieces.

Inventory:

Hand Weapons
 i - a +0 short sword of draining (weapon)
Armour
 a - a +1 robe (worn)
 g - a +0 shield (worn)
Jewellery
 h - a ring of positive energy (left claw)
 l - a ring of protection from magic (right claw)
Wands
 e - a wand of disintegration (15/24)
Scrolls
 b - 2 scrolls of teleportation
 k - a scroll of recharging
 o - a scroll of remove curse
Potions
 c - 4 potions of might
 m - 2 potions of agility
Books
 n - a book of Frost

   Spells                             Type                      Level
   a - Freeze                         Ice                          1
   b - Throw Frost                    Conjuration/Ice              2
   c - Ozocubu's Armour               Charms/Ice                   3
   d - Throw Icicle                   Conjuration/Ice              4
   e - Summon Ice Beast               Ice/Summoning                4
Comestibles
 d - 4 bread rations
 f - 2 beef jerkies
 j - 3 chunks of flesh
 p - 3 fruits


   Skills:
 + Level 3.3 Fighting
 + Level 1.7 Short Blades
 + Level 3.6 Dodging
 + Level 0.1 Stealth
 + Level 3.2 Shields
 + Level 2.8 Unarmed Combat


You had 4 spell levels left.
You didn't know any spells.

Dungeon Overview and Level Annotations

Branches:
Dungeon (4/15)
 Temple: D:4-7

Altars:


Innate Abilities, Weirdness & Mutations

You are too large for most types of armour.
You have claws for hands.
Your metabolism is lightning-fast.
You like to eat raw meat.
You heal very quickly.
You are covered in fur (AC +1).
You have very tough skin (AC +2).


Message History

A giant newt comes into view.
You hit the quokka.
The quokka is moderately wounded.
The quokka bites you but does no damage. x2
You hit the quokka. You drain the quokka!
You kill the quokka!
You block the ogre's attack.
You hit the ogre.
The ogre is lightly wounded.
The ogre hits you with a giant club!
You hit the ogre.
The ogre is lightly wounded.
The ogre hits you with a giant club!
You barely miss the giant newt. The giant newt completely misses you.
The ogre hits you with a giant club!
* * * LOW HITPOINT WARNING * * *
You block the giant newt's attack.
You hear the rapid hiss of a very distant avalanche of sand.
The ogre hits you with a giant club!!
You die...

..............## #..
...............# ##.#
...............#####..#
......................#
...#..................###
...!....†.....#....#.....
.......l....# #...##....
.......O..### #...##..##
...###..@## #...#..# .
###.## #.....## #..#
##....## #..### #.....#
#....######.....##
##......##^........
##..###.............
##...# ###..........#
.....# ##.........#


You could see an ogre and a giant newt.

Vanquished Creatures
  2 hounds (D:4)
  2 orc wizards (D:4)
  An orc priest (D:4)
  A worker ant (D:4)
  2 adders
  2 worms
  2 giant geckos (D:2)
  8 orcs
  2 bats
  8 giant cockroaches
  5 goblins
  6 hobgoblins
  3 jackals (D:2)
  2 quokkas
  A ball python (D:4)
  2 giant newts
  7 kobolds
  10 rats
66 creatures vanquished.

Notes
Turn   | Place    | Note
--------------------------------------------------------------
     0 | D:1      | santipi the Troll Fighter began the quest for the Orb.
     0 | D:1      | Reached XP level 1. HP: 22/22 MP: 0/0
   422 | D:1      | Reached XP level 2. HP: 29/29 MP: 1/1
   983 | D:2      | Reached XP level 3. HP: 31/36 MP: 2/2
  2158 | D:3      | Reached XP level 4. HP: 44/44 MP: 3/3
  2335 | D:4      | Reached skill level 1 in Short Blades
  2335 | D:4      | Reached XP level 5. HP: 17/53 MP: 4/4
  2731 | D:4      | Noticed an ogre
  2742 | D:4      | Slain by an ogre

Skill      XL: |  1  2  3  4 |
---------------+-------------+-----
Dodging        | 3 |  3.6
Fighting       | 3 |  3.3
Shields        | 3 |  3.2
Short Blades   | 1 |  1.7
Stealth        | |  0.1
Unarmed Combat | |  2.8

Action                   |  1- 3 |  4- 6 || total
-------------------------+-------+-------++-------
Melee: Unarmed           |    93 |       ||    93
       Short sword       |    44 |   102 ||   146
Evoke: Wand              |     1 |       ||     1
  Use: Scroll            |     7 |     3 ||    10
       Potion            |     4 |     2 ||     6
  Eat: Chunk             |    20 |     7 ||    27
       Meat ration       |     1 |       ||     1
Armor: Robe              |    38 |    46 ||    84
Dodge: Dodged            |    53 |    29 ||    82
Block: Shield            |    64 |    46 ||   110
